Map: [ESL] Waterfall

Players

Reynor

  • Race: Zerg Zerg
  • Spawn Location: 1:00

Astrea - Winner!

  • Race: Protoss Protoss
  • League: Master
  • Spawn Location: 7:00

Event: HomeStory Cup XXI

VOD

Have the link to the VOD?

Description

Time

  • Played on: July 23, 2022, 12:14 p.m.
  • Length: 19:09

All games in this series

Show
View Real Time Build Order
Export as new Build Order

Reynor Zerg 

Build Orders: Hatch First 

Get SALT Encoding   

  12  0:00  Drone  
  13  0:12  Overlord  
  13  0:17  Drone  
  14  0:30  Drone x2  
  16  0:43  Drone  
  17  0:52  Hatchery  
  17  0:55  Drone  
  17  0:59  Drone  
  18  1:09  Extractor  
  17  1:15  Spawning Pool  
  17  1:18  Drone  
  17  1:22  Drone  
  18  1:28  Drone  
  19  1:41  Drone  
  20  1:50  Overlord  
  20  2:02  Queen  
  20  2:03  Queen  
  20  2:05  Zergling x4  
  26  2:10  Drone  
  26  2:14  Drone  
  28  2:17  Metabolic Boost  
  28  2:21  Drone  
  29  2:25  Drone  
  30  2:31  Drone  
  30  2:36  Drone  
  32  2:44  Hatchery  
  32  2:48  Overlord  
  32  2:50  Drone  
  32  2:53  Zergling x2  
  32  2:58  Drone  
  34  3:01  Queen  
  36  3:08  Zergling x2  
  36  3:09  Zergling x2  
  36  3:12  Queen  
  40  3:15  Overlord  
  40  3:17  Drone  
  40  3:19  Drone  
  42  3:22  Drone  
  42  3:25  Drone  
  44  3:30  Overlord  
  44  3:35  Drone  
  44  3:36  Queen  
  47  3:41  Drone  
  47  3:43  Drone  
  49  3:53  Overlord  
  49  3:54  Drone  
  49  3:56  Drone  
  49  4:01  Drone, Queen  
  51  4:04  Roach Warren, Drone  
  51  4:07  Drone  
  51  4:09  Zergling x6  
  55  4:15  Zergling x4  
  57  4:18  Lair  
  57  4:21  Spore Crawler  
  56  4:24  Spore Crawler  
  56  4:27  Spore Crawler, Drone  
  56  4:30  Drone  
  56  4:32  Drone x2  
  56  4:33  Drone  
  56  4:35  Drone  
  56  4:37  Drone  
  61  4:39  Drone  
  61  4:42  Overlord  
  61  4:44  Zergling x2  
  63  4:49  Queen, Drone  
  62  4:56  Overlord  
  62  4:58  Drone x3  
  65  5:00  Drone  
  65  5:02  Drone  
  65  5:03  Extractor  
  65  5:04  Overlord  
  65  5:09  Drone x3  
  65  5:10  Drone  
  65  5:11  Drone x2  
  65  5:13  Drone  
  65  5:14  Drone  
  73  5:16  Overseer  
  73  5:20  Drone  
  74  5:22  Evolution Chamber  
  74  5:23  Drone x2, Extractor x2  
  74  5:28  Drone  
  74  5:33  Overlord  
  74  5:35  Drone  
  73  5:36  Drone  
  73  5:38  Extractor  
  73  5:39  Extractor  
  73  5:40  Drone x2, Overseer  
  73  5:42  Overlord  
  74  5:45  Drone  
  74  5:47  Drone x2  
  77  5:55  Overlord  
  77  5:56  Drone x3  
  80  5:58  Hatchery  
  80  6:00  Zerg Missile Weapons Level 1  
  80  6:01  Drone x3  
  82  6:04  Glial Reconstitution  
  82  6:08  Overlord  
  82  6:10  Drone  
  83  6:11  Baneling Nest  
  82  6:18  Overlord  
  82  6:22  Roach x6  
  82  6:25  Drone x2  
  96  6:26  Roach  
  96  6:29  Roach  
  96  6:32  Overlord  
  100  6:35  Roach x3  
  106  6:41  Roach x4  
  106  6:45  Overlord  
  114  6:49  Roach  
  114  6:53  Roach  
  114  6:54  Roach x3  
  124  6:57  Overlord  
  124  6:59  Drone  
  125  7:03  Centrifugal Hooks  
  125  7:05  Roach  
  125  7:08  Roach  
  129  7:14  Roach x3  
  129  7:15  Ravager x3  
  137  7:19  Overlord  
  137  7:21  Roach x6  
  148  7:24  Zergling x6  
  148  7:26  Overlord  
  150  7:32  Zergling x8  
  150  7:35  Zergling x2  
  151  7:38  Zergling x2  
  151  7:41  Queen  
  151  7:42  Zergling x2  
  155  7:45  Zergling x4  
  155  7:46  Ravager x3  
  155  7:48  Zergling x2  
  155  7:49  Zergling x6  
  155  7:51  Overseer  
  164  7:54  Zergling x8  
  164  7:55  Zergling x4  
  163  8:07  Roach x2, Zergling x6  
  163  8:12  Overlord  
  168  8:16  Overlord  
  168  8:20  Baneling x28  
  168  8:25  Baneling x6, Zergling x2  
  168  8:26  Zergling x6  
  168  8:32  Overseer  
  168  8:33  Zergling x12  
  168  8:34  Zergling x4  
  174  8:35  Zergling x2  
  173  8:46  Roach, Zergling x14  
  173  8:47  Zergling x2  
  168  8:51  Roach, Zergling x6  
  168  8:54  Zergling x2  
  169  8:58  Zergling x4  
  169  8:59  Zergling x2  
  169  9:02  Baneling x11  
  164  9:06  Zergling x2  
  164  9:09  Zergling x2  
  165  9:10  Zergling x2  
  165  9:12  Zergling x6  
  165  9:13  Roach  
  165  9:14  Baneling x6  
  165  9:16  Roach, Zergling x4  
  173  9:23  Zerg Melee Weapons Level 1  
  162  9:28  Zergling x12  
  162  9:29  Zergling x4  
  156  9:32  Overseer  
  156  9:38  Roach, Zergling x4  
  151  9:43  Zergling x16  
  152  9:49  Zergling x6  
  152  9:51  Baneling x13  
  155  9:53  Ravager x4  
  155  9:56  Drone x4  
  163  10:05  Drone x2  
  165  10:11  Hatchery  
  165  10:13  Zergling x10  
  151  10:23  Roach, Zergling x16  
  151  10:24  Zergling x2  
  158  10:29  Baneling x10  
  158  10:32  Zergling x4  
  160  10:36  Zergling x6  
  160  10:40  Zergling x4  
  160  10:41  Zergling x2  
  160  10:42  Zergling x2  
  167  10:45  Zergling x6  
  167  10:53  Roach, Zergling x8  
  146  10:59  Zergling x10  
  146  11:02  Baneling x13  
  146  11:03  Roach x2  
  154  11:06  Baneling x9  
  154  11:07  Baneling x12  
  154  11:13  Zergling x18  
  154  11:18  Zerg Melee Weapons Level 2  
  163  11:19  Drone x3  
  163  11:20  Drone  
  163  11:23  Drone  
  163  11:24  Zergling x6  
  171  11:26  Baneling x5  
  171  11:27  Drone  
  171  11:32  Zergling x8  
  176  11:36  Zergling x6  
  158  11:41  Roach  
  158  11:42  Zergling x2  
  158  11:43  Zergling x6  
  158  11:46  Zergling x8  
  158  11:47  Zergling x4  
  161  11:49  Baneling x3  
  161  11:50  Baneling x8  
  162  11:54  Drone  
  162  11:56  Drone x3  
  162  11:59  Overlord  
  162  12:00  Overlord x3  
  166  12:07  Zergling x2  
  165  12:12  Overlord  
  165  12:13  Zergling x6  
  165  12:14  Zergling x10  
  165  12:19  Drone x3  
  165  12:20  Overseer  
  167  12:25  Drone x2  
  167  12:27  Drone x2  
  167  12:28  Infestation Pit  
  167  12:29  Zergling x12  
  176  12:31  Zergling x2  
  176  12:32  Zergling x2  
  176  12:34  Baneling x2  
  176  12:35  Baneling x17  
  176  12:36  Zergling x2  
  179  12:39  Zergling x8  
  179  12:42  Zergling x4  
  185  12:45  Zergling x4  
  185  12:51  Roach x2, Zergling x2  
  185  12:52  Zergling x6  
  189  12:59  Zergling x10  
  189  13:02  Baneling x20  
  189  13:04  Zergling x6  
  197  13:06  Hive  
  197  13:08  Zergling x6  
  177  13:22  Zergling x22  
  177  13:25  Baneling x10  
  177  13:26  Zergling x8  
  190  13:30  Zergling x4  
  191  13:39  Roach, Zergling x16  
  184  13:42  Zergling x4  
  184  13:44  Overseer  
  184  13:46  Baneling x9  
  184  13:47  Baneling x2  
  185  13:48  Zergling x8  
  185  13:52  Zergling x6  
  185  13:55  Zergling x4  
  190  14:01  Roach  
  190  14:02  Roach, Zergling x2  
  179  14:08  Roach  
  173  14:10  Roach x2  
  173  14:12  Zergling x2  
  173  14:15  Zergling x6  
  174  14:18  Zergling x6  
  174  14:19  Zergling x2  
  174  14:22  Zergling x8  
  166  14:29  Roach x2  
  166  14:30  Ravager x2  
  166  14:31  Ravager x3  
  164  14:34  Zergling x4  
  164  14:35  Adrenal Glands  
  165  14:40  Zergling x4  
  165  14:42  Zergling x2  
  166  14:47  Zergling x8  
  166  14:50  Zergling x4  
  166  14:51  Baneling x7  
  166  14:52  Baneling x2  
  171  14:53  Zergling x2  
  171  14:57  Zergling x6  
  171  14:58  Zergling x2  
  176  15:00  Hatchery  
  176  15:02  Hatchery  
  176  15:05  Zergling x6  
  176  15:06  Zergling x6  
  180  15:10  Zergling x2  
  180  15:11  Extractor, Zergling x2  
  180  15:14  Zergling x4  
  183  15:19  Overseer  
  183  15:20  Drone x2  
  179  15:32  Zergling x10  
  179  15:33  Zergling x6  
  164  15:37  Roach x5  
  147  15:43  Roach x3  
  147  15:46  Baneling x7  
  147  15:47  Baneling x9  
  151  15:51  Drone x2  
  151  15:53  Drone  
  151  15:54  Drone x3  
  157  16:03  Hatchery  
  156  16:05  Ravager  
  156  16:06  Ravager x3  
  160  16:12  Zergling x10  
  160  16:15  Zergling x6  
  166  16:18  Zergling x4  
  166  16:28  Zergling x12  
  169  16:36  Baneling x6  
  169  16:37  Baneling x2  
  149  16:50  Zergling x22  
  133  16:57  Roach x2, Zergling x2  
  133  16:59  Roach  
  133  17:00  Zergling x2  
  129  17:03  Zergling x4  
  129  17:06  Ravager x4  
  135  17:12  Ravager x2  
  141  17:15  Roach x2  
  141  17:21  Roach x2  
  141  17:23  Roach  
  141  17:26  Roach  
  145  17:36  Roach x3  
  145  17:37  Roach, Zergling x6  
  149  17:39  Overseer  
  149  17:41  Roach  
  149  17:42  Zergling x2  
  149  17:51  Zergling x14  
  148  17:54  Baneling x5  
  148  17:56  Baneling  
  148  17:58  Ravager x3  
  158  18:05  Roach x2  
  158  18:06  Roach x2  
  158  18:08  Roach  
  158  18:11  Zergling x4  
  158  18:12  Zergling x2  
  160  18:17  Roach x3  
  130  18:34  Roach x2  
  130  18:36  Roach x2  
  110  18:49  Roach x4  
  110  18:51  Ravager x2  
Show
View Real Time Build Order
Export as new Build Order

Astrea Protoss - Winner!

Build Orders: 1 Gate Expand, Zealot Archon, Archon Drop, Dark Templar Rush 

Get SALT Encoding   

  12  0:00  Probe  
  13  0:12  Probe  
  14  0:18  Pylon  
  14  0:24  Probe (Chrono Boost)  
  15  0:36  Probe (Chrono Boost)  
  15  0:38  Gateway  
  16  0:45  Probe (Chrono Boost)  
  16  0:49  Assimilator  
  17  0:51  Probe  
  18  1:03  Probe  
  19  1:15  Probe  
  20  1:25  Nexus  
  20  1:29  Probe  
  21  1:38  Cybernetics Core  
  21  1:44  Assimilator  
  21  1:47  Probe  
  22  1:53  Pylon  
  22  1:59  Probe  
  23  2:09  Probe  
  23  2:12  Adept (Chrono Boost)  
  23  2:15  Warp Gate  
  26  2:17  Probe  
  27  2:25  Probe  
  27  2:26  Twilight Council  
  28  2:33  Stalker (Chrono Boost)  
  30  2:37  Probe  
  30  2:39  Probe  
  32  2:49  Probe  
  33  2:51  Probe  
  33  2:53  Robotics Facility  
  34  3:01  Probe  
  34  3:03  Probe  
  36  3:06  Gateway  
  36  3:13  Probe  
  36  3:15  Probe  
  36  3:17  Dark Shrine  
  38  3:21  Adept  
  38  3:26  Probe  
  41  3:28  Probe  
  41  3:32  Pylon  
  42  3:38  Probe  
  42  3:40  Probe, Warp Prism (Chrono Boost)  
  44  3:46  Pylon  
  46  3:50  Probe  
  47  3:58  Probe  
  44  4:03  Adept x2  
  44  4:07  Probe  
  49  4:12  Observer  
  50  4:26  Nexus  
  50  4:27  Pylon  
  50  4:31  Dark Templar x2  
  54  4:33  Probe x2 (Chrono Boost)  
  56  4:39  Assimilator  
  56  4:42  Assimilator  
  56  4:45  Probe x2 (Chrono Boost)  
  58  4:50  Probe x2 (Chrono Boost)  
  60  4:54  Pylon  
  60  4:56  Pylon  
  60  4:59  Probe x2  
  60  5:11  Probe x2  
  60  5:12  Forge  
  62  5:15  Gateway  
  62  5:16  Gateway  
  62  5:24  Probe x2 (Chrono Boost)  
  62  5:26  Dark Templar  
  62  5:27  Dark Templar  
  68  5:31  Protoss Ground Weapons Level 1 (Chrono Boost)  
  70  5:35  Probe x2 (Chrono Boost)  
  70  5:38  Pylon  
  70  5:39  Blink (Chrono Boost)  
  70  5:40  Probe x2 (Chrono Boost)  
  70  5:42  Probe (Chrono Boost)  
  73  5:50  Probe x2  
  73  5:53  Probe  
  75  5:57  Observer (Chrono Boost)  
  75  6:01  Gateway x2, Zealot  
  75  6:02  Archon, Probe x2  
  80  6:05  Probe  
  80  6:07  Assimilator  
  81  6:12  Archon  
  81  6:14  Probe x2, Gateway  
  81  6:15  Pylon  
  81  6:17  Probe, Assimilator  
  84  6:20  Robotics Bay  
  84  6:23  Stalker x2  
  88  6:26  Probe  
  88  6:30  Pylon  
  89  6:35  Stalker x2  
  89  6:37  Photon Cannon  
  93  6:41  Pylon  
  93  6:47  Stalker x2  
  97  6:58  Stalker x4  
  105  7:04  Pylon  
  105  7:09  Disruptor  
  106  7:15  Stalker x3  
  106  7:17  Pylon  
  110  7:27  Nexus  
  110  7:36  Stalker x4  
  118  7:43  Pylon  
  116  7:45  Disruptor, Photon Cannon, Probe x3  
  116  7:47  Shield Battery  
  116  7:49  Shield Battery  
  122  7:51  Photon Cannon  
  122  7:57  Probe  
  123  8:04  Stalker x6  
  133  8:11  Probe x3  
  136  8:20  Protoss Ground Weapons Level 2  
  136  8:23  Stalker  
  136  8:24  Disruptor (Chrono Boost)  
  136  8:25  Probe  
  140  8:31  Pylon x2  
  140  8:34  Probe  
  140  8:36  Pylon  
  140  8:38  Photon Cannon  
  141  8:48  Stalker x6  
  131  8:50  Stalker  
  131  8:51  Disruptor  
  131  8:54  Probe  
  131  8:55  Probe  
  133  9:12  Stalker x5  
  133  9:16  Stalker  
  145  9:20  Stalker  
  143  9:27  Probe x2  
  143  9:28  Probe  
  133  9:41  Stalker x6  
  133  9:45  Warp Prism (Chrono Boost)  
  143  9:46  Probe  
  143  9:48  Probe  
  143  9:49  Probe x2  
  146  9:54  Assimilator  
  146  9:57  Pylon  
  146  9:58  Probe  
  146  9:59  Pylon  
  147  10:01  Probe x2  
  147  10:02  Shield Battery x2  
  149  10:07  Pylon  
  149  10:08  Assimilator  
  149  10:16  Stalker x4  
  152  10:28  Pylon  
  151  10:29  Shield Battery  
  151  10:30  Probe x2  
  151  10:32  Dark Templar x3  
  159  10:38  Archon  
  159  10:39  Photon Cannon  
  159  10:40  Dark Templar x3  
  159  10:41  Photon Cannon  
  165  10:43  Disruptor  
  165  10:45  Archon  
  165  10:46  Archon  
  163  10:56  Probe  
  163  10:57  Probe x3  
  158  11:04  Photon Cannon  
  159  11:07  Photon Cannon  
  159  11:09  Pylon  
  159  11:11  Dark Templar x4  
  161  11:12  Dark Templar x2  
  161  11:15  Archon x2  
  161  11:16  Archon  
  171  11:20  Pylon  
  171  11:30  Gateway  
  171  11:31  Stalker, Gateway  
  171  11:32  Protoss Ground Weapons Level 3 (Chrono Boost)  
  161  11:43  Nexus  
  161  11:44  Pylon  
  159  11:49  Photon Cannon  
  159  11:52  Dark Templar x2  
  163  12:00  Dark Templar x2  
  167  12:03  Archon  
  165  12:22  Dark Templar x3  
  171  12:25  Dark Templar  
  171  12:26  Archon  
  171  12:28  Archon  
  173  12:33  Shield Battery  
  173  12:38  Stalker, Photon Cannon  
  173  12:39  Photon Cannon  
  173  12:42  Photon Cannon  
  175  12:44  Disruptor  
  178  12:55  Dark Templar x2  
  182  13:02  Archon  
  182  13:10  Dark Templar  
  182  13:11  Dark Templar  
  175  13:23  Nexus  
  175  13:25  Pylon  
  174  13:28  Pylon  
  174  13:33  Pylon  
  174  13:34  Pylon  
  174  13:35  Assimilator  
  174  13:38  Archon  
  174  13:41  Photon Cannon  
  164  13:51  Zealot x9  
  174  14:19  Dark Templar x6  
  171  14:26  Disruptor (Chrono Boost)  
  170  14:32  Probe x3  
  170  14:33  Archon x3  
  169  14:51  Probe  
  169  14:52  Dark Templar x6  
  176  14:57  Archon  
  176  14:58  Archon x2  
  176  14:59  Disruptor (Chrono Boost)  
  176  15:06  Dark Templar x2  
  180  15:13  Stalker  
  180  15:29  Disruptor  
  151  15:45  Zealot x7  
  159  16:02  Protoss Shields Level 1, Nexus  
  159  16:04  Templar Archives, Pylon  
  153  16:18  Dark Templar x4  
  153  16:19  Dark Templar  
  153  16:21  Dark Templar  
  153  16:22  Charge (Chrono Boost)  
  153  16:25  Archon x3  
  165  16:35  Dark Templar  
  165  16:39  Zealot x3  
  151  17:02  Probe x3  
  151  17:04  Probe  
  155  17:11  Photon Cannon, Dark Templar, Pylon  
  155  17:12  Shield Battery  
  155  17:14  Probe x3  
  160  17:16  Probe  
  160  17:22  Dark Templar x2  
  163  17:23  Dark Templar x3  
  163  17:26  Probe  
  163  17:27  Zealot  
  174  17:30  Archon x2  
  174  17:54  Dark Templar  
  176  18:02  Zealot x8  
  172  18:28  Disruptor  
  167  18:38  Stalker  
  150  18:50  Stalker x8  
  150  18:51  Probe x2  
Tags
 
Add a new tag
Caveats
  • Supply blocks, unpowered buildings, or Contaminate may cause inaccurate times.
  • Supply counts are checked every 10 seconds.